 Dungeon Crawl Stone Soup version 0.30-a0-571-gdf30a72648 (webtiles) character file.

Game seed: 6208475934332522751

27 bmack86 the Trooper (level 2, -1/27 HPs)
             Began as a Minotaur Fighter on Dec 29, 2022.
             Slain by a hobgoblin (3 damage)
             ... on level 2 of the Dungeon.
             The game lasted 00:01:53 (1010 turns).

bmack86 the Trooper (Minotaur Fighter)              Turns: 1010, Time: 00:01:54

Health: -1/27      AC:  7    Str: 20    XL:     2   Next: 93%
Magic:  1/1        EV:  9    Int:  5    God:
Gold:   61         SH:  4    Dex:  9    Spells: 1/1 levels left

rFire   . . .      SeeInvis +    a - +0 war axe
rCold   . . .      Faith    .    c - +0 buckler
rNeg    . . .      Spirit   .    b - +0 scale mail
rPois   +          Reflect  .    (helmet restricted)
rElec   .          Harm     .    (no cloak)
rCorr   .          Rampage  .    (no gloves)
Will    .....                    (no boots) Stlth
                                 (no amulet)
HPRegen 0.24/turn                k - ring of poison resistance
MPRegen 0.07/turn                g - ring of see invisible

@: no status effects
A: horns 2, retaliatory headbutt
a: no special abilities


You were on level 2 of the Dungeon.
You visited 1 branch of the dungeon, and saw 2 of its levels.

You collected 61 gold pieces.

Inventory:

Hand Weapons
 a - a +0 war axe (weapon)
Armour
 b - a +0 scale mail (worn)
 c - a +0 buckler (worn)
Jewellery
 g - a ring of see invisible (right hand)
 k - a ring of poison resistance (left hand)
Scrolls
 e - a scroll of blinking {unknown}
 f - a scroll of amnesia {unknown}
 h - a scroll of vulnerability {unknown}
 m - a scroll of noise {unknown}
Potions
 d - a potion of might
 i - a potion of invisibility {unknown}
 j - 2 potions of ambrosia
 l - a potion of lignification


   Skills:
 + Level 4.0 Fighting
 * Level 3.2 Axes
 + Level 3.9 Armour
 + Level 4.0 Shields


You had one spell level left.
You didn't know any spells.
Your spell library was empty.

Dungeon Overview and Level Annotations

Branches:
Dungeon (2/15)

Altars:

Annotations:
D:2 Terence


Innate Abilities, Weirdness & Mutations

You have a pair of horns on your head.
You reflexively headbutt those who attack you in melee.


Message History

The goblin closely misses you. You block the goblin's attack.
The hobgoblin hits you but does no damage.
The goblin hits you with a +0 club.
You barely miss the goblin.
The adder hisses angrily.
You slash the goblin!
You kill the goblin!
You closely miss the hobgoblin. You barely miss the bat.
The bat hits you but does no damage. The bat closely misses you.
You furiously retaliate!
You headbutt the bat.
You kill the bat!
The goblin hits you with a +0 club. You block the hobgoblin's attack.
You barely miss the goblin. Your headbutt misses the goblin.
You closely miss the hobgoblin. The goblin hits you but does no damage.
The hobgoblin barely misses you.
An adder comes into view.
The adder bites you but does no damage.
You slash the goblin!
You kill the goblin!
You hit the adder. You barely miss the hobgoblin.
Terence zaps a wand.
The puff of flame hits you!
Ouch! That really hurt!
The adder bites you but does no damage.
The hobgoblin hits you but does no damage.
You block the hobgoblin's attack. The adder misses you.
Your Fighting skill increases to level 4!
Your Shields skill increases to level 4!
The hobgoblin attacks as you move away!
The hobgoblin hits you but does no damage.
You see here a +0 club.
You closely miss Terence. You miss the adder. You hit the hobgoblin.
The adder misses you. Terence hits you with a +0 short sword.
* * * LOW HITPOINT WARNING * * *
The hobgoblin closely misses you. The adder bites you but does no damage.
You hit Terence but do no damage. You miss the adder.
You barely miss the hobgoblin. The adder bites you but does no damage.
Terence hits you with a +0 short sword.
* * * LOW HITPOINT WARNING * * *
The hobgoblin hits you.
You die...

###...# #####
#....## ##.##.#
#..##.# ###
#.###.## ....
#.# ...# .....
##.# ...#
......#†.#....#
.?....@@S.....#
......(Sg.....#
.....#...#....#
............(.#
........#..####
............
.##..........
#?#.....>...


You could see Terence, 2 adders and a hobgoblin.

Vanquished Creatures
  An adder (D:2)
  A dart slug (D:1)
  2 endoplasms (D:1)
  A giant cockroach (D:1)
  A hobgoblin (D:1)
  3 ball pythons
  3 bats
  2 goblins (D:2)
  2 kobolds (D:1)
  A rat (D:1)
17 creatures vanquished.

Notes
Turn   | Place    | Note
-------+----------+-------------------------------------------
     0 | D:1      | bmack86 the Minotaur Fighter began the quest for the Orb.
     0 | D:1      | Reached XP level 1. HP: 19/19 MP: 0/0
   321 | D:1      | Reached XP level 2. HP: 24/27 MP: 1/1
  1004 | D:2      | Noticed Terence
  1010 | D:2      | Slain by a hobgoblin

Illustrated notes

Levels and vault maps discovered:
D:1:      psy_arrival_dodecagon, layout_loops_corners, grunt_decor_resistance
D:2:      layout_rooms, uniq_terence

Skill      XL: |  1  2 |
---------------+-------+-----
Axes           | 3 |  3.2
Fighting       | 4 |  4.0
Shields        | 4 |  4.0
Armour         | |  3.9

Action                   || total
-------------------------++-------
Melee: War axe           ||    33
       Headbutt          ||     5
  Use: Scroll            ||     2
Armor: Scale mail        ||    26
Dodge: Dodged            ||    29
Block: Buckler           ||    13

Table legend: (Time is in decaauts)
 A = Elapsed time spent in this place.
 B = Non-inter-level travel time spent in this place.
 C = Inter-level travel time spent in this place.
 D = Time resting spent in this place.
 E = Time spent auto-exploring this place.
 F = Levels seen in this place.
 G = Mean time per level.
                   A        B        C        D        E       F      G
               +--------+--------+--------+--------+--------+-----+--------+
         Total |   1021 |   1021 |      0 |      0 |    778 |   2 |  510.5 |
       Dungeon |   1021 |   1021 |      0 |      0 |    778 |   2 |  510.5 |
               +--------+--------+--------+--------+--------+-----+--------+

Top non-repeatable levels by time:
     D:1: 956 daAuts
     D:2: 65 daAuts
